 Dungeon Crawl Stone Soup version 0.31.0-32-g396128a36d (webtiles) character file.

Game seed: 10314682917284021652

100 H0rd4k the Insei (level 4, -1/29 HPs)
             Began as an Octopode Artificer on Apr 5, 2024.
             Slain by an orc
             ... wielding a +0 trident
              (3 damage)
             ... on level 3 of the Dungeon.
             The game lasted 00:01:15 (1859 turns).

H0rd4k the Insei (Octopode Artificer)               Turns: 1859, Time: 00:01:16

Health: -1/29      AC:  1    Str: 11    XL:     4   Next: 73%
Magic:  4/4        EV: 13    Int: 17    God:
Gold:   126        SH:  0    Dex: 12    Spells: 3/3 levels left

rFire   . . .        o - +3 short sword of Wiorphid {elec, rC+ Int+2}
rCold   + . .        (no shield)
rNeg    . . .        (helmet restricted)
rPois   .            (no amulet)
rElec   .            (no ring)
rCorr   .            (no ring)
SInv    .            (no ring)
Will    .....        (no ring)
Stlth   +++          (no ring)
HPRegen 0.24/turn    (no ring)
MPRegen 0.09/turn    (no ring)
                     (no ring)

%: no passive effects
@: no status effects
A: almost no armour, amphibious, 8 rings, camouflage 1, gelatinous body 1,
(nimble swimmer 1), tentacles
a: no special abilities


You were on level 3 of the Dungeon.
You visited 1 branch of the dungeon, and saw 3 of its levels.

You collected 126 gold pieces.

Inventory:

Hand Weapons
 l - a +2 dagger of venom
 o - the +3 short sword of Wiorphid (weapon) {elec, rC+ Int+2}
   (You found it on level 2 of the Dungeon)

   Int+2:     It affects your intelligence (+2).
   rC+:       It protects you from cold.
Missiles
 a - 5 poisoned darts
Jewellery
 p - an amulet of the acrobat
Wands
 b - a wand of flame (15) (quivered)
 c - a wand of charming (14)
 d - a wand of iceblast (5)
Scrolls
 e - 3 scrolls of teleportation {unknown}
 f - a scroll of enchant armour {unknown}
 g - 4 scrolls of identify {unknown}
 j - 2 scrolls of fear {unknown}
 n - a scroll of enchant weapon {unknown}
 q - a scroll of poison {unknown}
Potions
 h - 2 potions of curing {unknown}
 i - a potion of brilliance {unknown}
 k - a potion of mutation {unknown}
 m - a potion of enlightenment {unknown}
 r - a potion of magic {unknown}


   Skills:
 + Level 1.9 Fighting
 + Level 0.4 Short Blades
 - Level 2.3 Dodging
 - Level 1.3 Stealth
 + Level 3.7 Unarmed Combat
 - Level 3.2 Evocations


You had 3 spell levels left.
You didn't know any spells.
Your spell library contained the following spells:

 Spells                   Type           Power      Damage    Failure   Level
 Ozocubu's Armour         Ice            0%         N/A       56%         3
 Stone Arrow              Conj/Erth      0%         3d7       56%         3
 Metabolic Englaciation   Hex/Ice        0%         N/A       100%        5
 Sculpt Simulacrum        Ice/Alch       0%         N/A       100%        6
 Lehudib's Crystal Spear  Conj/Erth      0%         10d2      100%        8
 Animate Armour           Summ/Erth      Unusable   N/A       N/A         4

Dungeon Overview and Level Annotations

Branches:
Dungeon (3/15)

Altars:


Innate Abilities, Weirdness & Mutations

You cannot wear most types of armour.
You are amphibious.
You can wear up to eight rings at the same time.
Your skin changes colour to match your surroundings (Stealth+).
Your rubbery body absorbs attacks. (AC +1, EV +1)
((You are camouflaged when in or above water. (Stealth+)))
You have tentacles for arms and can constrict up to eight enemies at once.


Message History

You constrict the orc wizard, but do no damage.
An orc comes into view. It is wielding a +0 mace.
The orc wizard hits you with a +0 dagger.
The orc hits you with a +0 dagger. The orc closely misses you.
You hit the orc wizard.
Lightning courses through the orc wizard!
You kill the orc wizard!
The orc hits you with a +0 dagger.
The orc hits you from afar with a +0 trident.
The orc hits you with a +0 dagger. The orc misses you.
Things that are here:
a +0 dagger; a +0 robe You completely miss the orc.
You grab the orc. You constrict the orc. The orc barely misses you.
The orc misses you. The orc barely misses you.
You hit the orc.
The orc is heavily wounded.
You constrict the orc. The orc closely misses you.
The orc hits you from afar with a +0 trident!
The orc hits you with a +0 mace.
* * * LOW HITPOINT WARNING * * *
You hit the orc but do no damage. You squeeze the orc, but do no damage.
The orc is heavily wounded.
You constrict the orc. The orc hits you with a +0 mace.
* * * LOW HITPOINT WARNING * * *
The orc barely misses you. x2
You hit the orc but do no damage. Lightning courses through the orc!
You kill the orc!
The orc misses you. The orc closely misses you.
You hit the orc but do no damage. You grab the orc.
You squeeze the orc, but do no damage.
You constrict the orc, but do no damage.
The orc hits you from afar with a +0 trident.
* * * LOW HITPOINT WARNING * * *
The orc closely misses you.
Aiming: Charm
Press: ? - help, Shift-Dir - straight line, f - orc
Aim: an orc, wielding a +0 dagger and wearing a +3 leather armour (constricted by you, chance to affect: 73%)
The orc is charmed.
You release your grip on your orc.
The orc hits you from afar with a +0 trident.
You die...

#########
#.....)..
#........
#........
.........
#........ ###
#####).o.....
#..
#....@.......
#.###
#...o)>......
#.#<#
#....†.......
#.#.#
#............
#.#.#
#............
##.#.#
#.....#######
#.....
#.....#
#†....
#.....#
#.....
######.....#
######


You could see an orc and a friendly orc (charmed).

Vanquished Creatures
  An orc wizard (D:3)
  An adder (D:3)
  A dart slug (D:1)
  2 ribbon worms
  2 orcs (D:3)
  7 endoplasms
  3 giant cockroaches
  4 goblins
  5 hobgoblins
  4 jackals (D:1)
  4 quokkas
  4 ball pythons
  3 bats
  3 frilled lizards
  4 kobolds
  3 rats
51 creatures vanquished.

Notes
Turn   | Place    | Note
-------+----------+-------------------------------------------
     0 | D:1      | H0rd4k the Octopode Artificer began the quest for the Orb.
     0 | D:1      | Reached XP level 1. HP: 13/13 MP: 1/1
    84 | D:1      | Reached skill level 1 in Unarmed Combat
    86 | D:1      | Reached XP level 2. HP: 10/18 MP: 2/2
   563 | D:1      | Reached XP level 3. HP: 18/23 MP: 3/3
  1338 | D:2      | Identified the +3 short sword of Wiorphid {elec, rC+ Int+2}
  1655 | D:3      | Reached XP level 4. HP: 29/29 MP: 4/4
  1858 | D:3      | HP: 1/29 [orc/+0 trident (4)]
  1859 | D:3      | Slain by an orc

Illustrated notes

Levels and vault maps discovered:
D:1:      dpeg_arrival_arbitrary_a, layout_basic
D:2:      layout_basic, feat_on_display
D:3:      layout_basic, dreamdust_princess_corridor

Skill      XL: |  1  2  3 |
---------------+----------+-----
Unarmed Combat | 1 2 3 |  3.7
Fighting       | |  1.9
Short Blades   | |  0.4
Dodging        | |  2.3
Stealth        | |  1.3
Evocations     | |  3.2

Action                     |  1- 3 |  4- 6 || total
---------------------------+-------+-------++-------
  Melee: Unarmed           |    86 |       ||    86
         Constrict         |    21 |     7 ||    28
         Tentacles         |    16 |     5 ||    21
         Punch             |     3 |     1 ||     4
         Short sword       |    10 |    19 ||    29
  Evoke: Wand              |       |     1 ||     1
   Stab: Sleeping          |    14 |       ||    14
 Armour: Skin              |    40 |    15 ||    55
  Dodge: Dodged            |    44 |    15 ||    59
